Map: 애씨드 플랜트 - 래더

Players

LiquidSnute (Snute)

  • Race: Zerg Zerg
  • League: Grandmaster
  • Spawn Location: 11:00

Patience - Winner!

  • Race: Protoss Protoss
  • Spawn Location: 5:00

Event: HomeStory Cup XVII

VOD

Have the link to the VOD?

Description

Time

  • Played on: June 29, 2018, 4:51 p.m.
  • Length: 9:08

All games in this series

Show
View Real Time Build Order
Export as new Build Order

LiquidSnute Zerg 

Build Orders: Hatch First 

Get SALT Encoding   

  12  0:00  Drone  
  13  0:12  Overlord  
  13  0:17  Drone  
  14  0:30  Drone  
  15  0:44  Hatchery  
  15  0:48  Drone  
  15  0:52  Drone  
  15  0:55  Drone  
  17  0:59  Drone  
  18  1:10  Extractor  
  17  1:15  Spawning Pool  
  17  1:17  Drone  
  17  1:21  Drone  
  18  1:31  Drone  
  19  1:42  Overlord  
  19  1:53  Drone  
  20  1:57  Drone  
  21  2:02  Queen x2  
  21  2:03  Zergling x2  
  21  2:07  Zergling x2  
  27  2:11  Metabolic Boost  
  27  2:14  Drone  
  28  2:18  Drone  
  29  2:25  Drone  
  29  2:28  Drone  
  31  2:36  Drone  
  32  2:41  Drone  
  33  2:46  Overlord  
  33  2:50  Hatchery  
  32  2:51  Queen  
  32  2:55  Drone  
  32  2:57  Drone  
  36  3:06  Drone  
  36  3:08  Drone  
  36  3:11  Drone  
  36  3:12  Drone x4  
  43  3:14  Drone  
  43  3:18  Overlord  
  44  3:26  Overlord  
  44  3:29  Overlord  
  44  3:34  Overlord  
  44  3:36  Drone  
  44  3:39  Queen, Evolution Chamber  
  46  3:43  Drone x3  
  46  3:48  Drone  
  50  3:55  Queen  
  52  3:57  Spore Crawler x2  
  52  3:58  Drone x2  
  52  4:03  Spore Crawler, Zergling x2  
  52  4:06  Zerg Melee Weapons Level 1  
  52  4:07  Drone  
  53  4:10  Drone  
  53  4:16  Drone x4  
  58  4:21  Drone x4  
  58  4:23  Drone  
  61  4:26  Drone  
  61  4:31  Drone  
  63  4:32  Drone  
  63  4:34  Drone x3  
  67  4:39  Roach Warren  
  67  4:41  Baneling Nest  
  67  4:44  Extractor x2  
  63  4:46  Drone x3  
  63  4:47  Drone  
  63  4:49  Drone  
  63  4:51  Drone  
  63  4:52  Drone x2  
  69  4:58  Zergling x4  
  70  5:02  Lair  
  70  5:04  Zergling x2  
  70  5:05  Zergling x4  
  73  5:07  Drone  
  73  5:09  Overlord  
  73  5:13  Overlord  
  74  5:20  Overlord x2  
  73  5:25  Extractor  
  73  5:27  Extractor  
  73  5:28  Roach x5  
  81  5:36  Roach x4  
  87  5:45  Zergling x8  
  87  5:46  Zergling x6  
  94  5:54  Zergling x8  
  98  5:59  Glial Reconstitution  
  98  6:02  Zerg Missile Weapons Level 1  
  98  6:05  Zergling x10  
  103  6:14  Baneling  
  103  6:15  Baneling x7  
  103  6:16  Zergling x6  
  106  6:19  Hatchery  
  106  6:22  Baneling  
  106  6:23  Baneling x4  
  106  6:25  Overlord  
  101  6:41  Zergling x10  
  101  6:44  Hatchery  
  101  6:48  Overlord  
  101  6:51  Hydralisk Den  
  101  6:52  Drone x2  
  101  6:53  Drone x10  
  109  6:58  Drone  
  109  6:59  Hydralisk Den, Drone  
  110  7:02  Centrifical Hooks  
  110  7:03  Extractor  
  110  7:05  Drone  
  110  7:06  Drone x3  
  113  7:12  Overlord  
  113  7:15  Overlord  
  113  7:17  Drone x4  
  113  7:22  Grooved Spines  
  117  7:25  Lurker Den  
  116  7:31  Baneling x12  
  116  7:35  Muscular Augments  
  116  7:38  Overlord  
  116  7:39  Drone x7  
  116  7:42  Drone x2  
  120  7:57  Zergling x20  
  121  8:05  Zergling x2  
  121  8:06  Zergling x6  
  121  8:15  Infestation Pit  
  121  8:16  Zergling x14  
  125  8:24  Baneling  
  125  8:25  Baneling x18  
  125  8:26  Baneling  
  125  8:28  Ravager, Hatchery  
  125  8:33  Zergling x16  
  129  8:36  Baneling x4  
  110  8:49  Zergling x16  
Show
View Real Time Build Order
Export as new Build Order

Patience Protoss - Winner!

Build Orders: 1 Gate Expand, Oracle Opening, Phoenix Opening, Archon Immortal, Zealot Archon, Archon Drop 

Get SALT Encoding   

  12  0:00  Probe  
  13  0:13  Probe  
  14  0:17  Pylon  
  14  0:23  Probe  
  15  0:31  Probe  
  15  0:40  Gateway, Probe  
  16  0:47  Assimilator  
  17  0:51  Probe  
  18  1:03  Probe  
  19  1:15  Probe  
  20  1:24  Nexus  
  20  1:35  Cybernetics Core  
  20  1:38  Probe  
  21  1:43  Assimilator  
  21  1:50  Probe  
  21  1:53  Pylon  
  22  2:02  Adept, Probe  
  23  2:14  Probe  
  26  2:17  Stargate  
  26  2:24  Warp Gate  
  26  2:26  Probe  
  26  2:28  Adept  
  29  2:33  Probe  
  29  2:34  Probe  
  29  2:41  Probe  
  29  2:42  Probe  
  33  2:51  Probe  
  33  2:52  Probe  
  33  2:54  Phoenix  
  33  2:55  Adept  
  37  3:05  Probe  
  40  3:06  Probe  
  41  3:13  Pylon  
  41  3:17  Probe  
  41  3:18  Probe  
  43  3:20  Oracle  
  46  3:31  Probe x2  
  48  3:35  Gateway  
  48  3:42  Assimilator  
  48  3:43  Probe  
  48  3:45  Assimilator  
  49  3:48  Probe  
  49  3:54  Robotics Facility  
  49  3:55  Probe  
  51  4:00  Probe, Twilight Council  
  52  4:03  Probe  
  52  4:04  Pylon  
  52  4:09  Pylon  
  53  4:13  Probe  
  54  4:21  Probe  
  55  4:25  Probe  
  55  4:27  Gateway x2  
  55  4:31  Warp Prism  
  56  4:33  Probe  
  56  4:37  Templar Archives  
  57  4:44  Forge  
  59  4:52  Zealot x2  
  63  4:57  Pylon  
  63  4:59  Probe  
  64  5:03  Probe  
  65  5:07  Pylon  
  65  5:10  Observer  
  66  5:20  Nexus  
  66  5:23  Probe x2  
  66  5:25  Protoss Ground Weapons Level 1, Pylon  
  68  5:33  High Templar  
  68  5:34  High Templar x3  
  76  5:36  Immortal  
  76  5:40  Probe  
  77  5:48  Probe  
  82  5:51  Archon  
  82  5:53  Archon, Probe  
  83  6:01  Pylon  
  83  6:07  Charge  
  83  6:08  Gateway x2  
  83  6:09  Gateway  
  83  6:11  Immortal  
  83  6:12  Zealot x2  
  83  6:13  Gateway  
  83  6:18  Probe x2  
  93  6:33  Probe  
  84  6:41  Immortal, Zealot x4  
  84  6:43  Probe  
  95  6:56  Probe  
  95  6:57  Probe x2  
  98  7:05  Pylon  
  98  7:09  Probe  
  98  7:13  Probe x2  
  98  7:14  Immortal  
  98  7:15  Robotics Facility  
  101  7:19  Assimilator  
  101  7:21  Probe  
  106  7:24  Assimilator, High Templar x4  
  106  7:25  Probe x2  
  106  7:26  Zealot x2  
  106  7:29  Archon  
  120  7:31  Archon  
  120  7:34  Probe  
  121  7:37  Probe, Pylon  
  121  7:38  Probe, Pylon  
  123  7:49  Observer, Zealot  
  123  7:50  Zealot x3  
  125  7:57  Zealot x3  
  120  8:03  Probe x2  
  120  8:04  Probe  
  111  8:15  Probe x2  
  113  8:24  High Templar x2  
  113  8:25  Zealot x6  
  129  8:29  Archon  
  129  8:33  Photon Cannon  
  129  8:36  Shield Battery  
  129  8:47  Zealot x6  
  99  9:05  Zealot x2  
Tags
 
Add a new tag
Caveats
  • Supply blocks, unpowered buildings, or Contaminate may cause inaccurate times.
  • Supply counts are checked every 10 seconds.